 Dungeon Crawl Stone Soup version 0.27-a0-1065-ge809cff456 (webtiles) character file.

Game seed: 3515220675952870507

686 kae the Insei (level 7, -9/57 HPs)
             Began as a Yellow Draconian Transmuter on Apr 22, 2021.
             Mangled by a wyvern zombie (11 damage)
             ... on level 5 of the Dungeon.
             The game lasted 00:02:52 (6398 turns).

kae the Insei (Yellow Draconian Transmuter)         Turns: 6398, Time: 00:02:53

Health: -9/57      AC:  6    Str: 12    XL:     7   Next: 35%
Magic:  10/11      EV: 12    Int: 15    God:
Gold:   811        SH:  0    Dex: 12    Spells: 4/12 levels left

rFire    . . .     SeeInvis .     - Unarmed
rCold    . . .     Faith    .   (no shield)
rNeg     . . .     Spirit   .   (armour unavailable)
rPois    .         Reflect  .   (helmet restricted)
rElec    .         Harm     .   (no cloak)
rCorr    +         Rampage  .   (no gloves)
Will     .....                  (no boots)
Stlth    +.........             (no amulet)
HPRegen  0.19/turn              (no ring)
MPRegen  0.12/turn              (no ring)

@: no status effects
A: spit acid, AC +6, unfitting armour, cold-blooded, acid resistance
a: Breathe Acid


You were on level 5 of the Dungeon.
You visited 1 branch of the dungeon, and saw 5 of its levels.

You collected 811 gold pieces.

Inventory:

Missiles
 c - 5 atropa-tipped darts
Scrolls
 e - 2 scrolls of summoning
 g - a scroll of teleportation
Potions
 b - a potion of resistance
 d - 2 potions of magic
 f - a potion of curing


   Skills:
 + Level 3.0 Fighting
 + Level 3.0 Dodging
 * Level 4.9 Unarmed Combat
 + Level 3.2 Spellcasting
 * Level 4.3 Transmutations
 - Level 3.0 Poison Magic


You had 4 spell levels left.
You knew the following spells:

 Your Spells              Type           Power      Damage    Failure   Level
a - Beastly Appendage     Tmut           30%        N/A       3%          1
b - Spider Form           Tmut/Pois      6%         N/A       13%         3
c - Ice Form              Ice/Tmut       8%         N/A       63%         4

Your spell library contained the following spells:

 Spells                   Type           Power      Damage    Failure   Level
 Wereblood                Tmut           15%        N/A       4%          2
 Hydra Form               Tmut           7%         N/A       65%         5


Dungeon Overview and Level Annotations

Branches:
Dungeon (5/15)
 Temple: D:4-7

Altars:
Wu Jian

Shops:
D:2 [


Innate Abilities, Weirdness & Mutations

You can spit globs of acid.
Your golden yellow scales are hard. (AC +6)
You cannot fit into any form of body armour.
You are cold-blooded and may be slowed by cold attacks.
You are resistant to acid. (rCorr)


Message History

The wyvern zombie is lightly damaged.
The wyvern zombie misses you.
You hit the wyvern zombie but do no damage.
The wyvern zombie is lightly damaged.
The wyvern zombie bites you!
You are too injured to fight recklessly!
You are too injured to fight recklessly!
You are too injured to fight recklessly!
You are too injured to fight recklessly!
You hit the wyvern zombie.
The wyvern zombie is moderately damaged.
The wyvern zombie closely misses you.
You hit the wyvern zombie.
The wyvern zombie is moderately damaged.
The wyvern zombie misses you.
You hit the wyvern zombie.
The wyvern zombie is heavily damaged.
The wyvern zombie bites you!
* * * LOW HITPOINT WARNING * * *
You hit the wyvern zombie.
The wyvern zombie is heavily damaged.
The wyvern zombie misses you.
You hit the wyvern zombie.
The wyvern zombie is severely damaged.
The wyvern zombie completely misses you. x2
You bite the wyvern zombie!
The wyvern zombie is almost destroyed.
The wyvern zombie completely misses you.
You hit the wyvern zombie.
The wyvern zombie is almost destroyed.
The wyvern zombie bites you but does no damage.
You hit the wyvern zombie.
The wyvern zombie is almost destroyed.
Your transformation has ended.
The wyvern zombie bites you!
* * * LOW HITPOINT WARNING * * *
You hit the wyvern zombie.
The wyvern zombie is almost destroyed.
The wyvern zombie bites you!
You die...

#.#.. .#.#
.#.# ..# #.
... #. #.#
.##.. #Z#
..... #@#
......#.# ###
#...#.###.....
#...........#
##..#.#####.##
#..#.........
#..#.#####.##
#..#.#####. .
#...........


You could see a wyvern zombie.

Vanquished Creatures
  Sigmund (D:2)
  A centaur (D:4)
  2 scorpions
  A howler monkey (D:4)
  2 hounds (D:4)
  An orc wizard (D:3)
  Robin (D:2)
  5 gnolls
  A howler monkey skeleton (D:4)
  An adder (D:4)
  5 worms
  A dart slug (D:3)
  7 orcs
  5 bats
  10 endoplasms
  2 giant cockroaches
  16 goblins
  11 hobgoblins
  2 jackals (D:1)
  2 quokkas
  7 ball pythons
  A ball python zombie (D:2)
  A frilled lizard (D:3)
  8 kobolds
  12 rats
106 creatures vanquished.

Notes
Turn   | Place    | Note
-------+----------+-------------------------------------------
     0 | D:1      | kae the Draconian Transmuter began the quest for the Orb.
     0 | D:1      | Reached XP level 1. HP: 16/16 MP: 3/3
   498 | D:1      | Reached XP level 2. HP: 21/23 MP: 3/5
  1359 | D:2      | Found Daikhiy's Antique Armour Boutique.
  1377 | D:2      | Found a faded altar of an unknown god.
  1391 | D:2      | Reached XP level 3. HP: 18/28 MP: 4/6
  1703 | D:2      | Noticed Sigmund
  1721 | D:1      | Learned a level 3 spell: Spider Form
  2175 | D:2      | Killed Sigmund
  2176 | D:2      | Reached skill level 1 in Poison Magic
  2176 | D:2      | Reached XP level 4. HP: 22/36 MP: 4/7
  2176 | D:2      | Reached XP level 5. HP: 26/41 MP: 4/8
  2600 | D:2      | Noticed Robin
  2628 | D:2      | Killed Robin
  3093 | D:3      | Identified a scroll of acquirement
  3093 | D:3      | Acquired 713 gold pieces
  3438 | D:3      | Reached XP level 6. HP: 29/49 MP: 7/10
  3653 | D:3      | Learned a level 4 spell: Ice Form
  4095 | D:3      | Found an ornate altar of the Wu Jian Council.
  4611 | D:3      | Noticed a spectral centipede
  4611 | D:3      | Noticed a spectral black mamba
  4611 | D:3      | Noticed a spectral cane toad
  5086 | D:4      | Your scales start taking on a golden yellow colour.
  5086 | D:4      | Reached XP level 7. HP: 38/56 MP: 9/11
  5086 | D:4      | Gained mutation: You are resistant to acid. (rCorr) [Yellow
                  | Draconian growth]
  6128 | D:5      | Entered Level 5 of the Dungeon
  6397 | D:5      | HP: 2/57 [wyvern zombie (12)]
  6398 | D:5      | Mangled by a wyvern zombie

Illustrated notes

Levels and vault maps discovered:
D:1:      dpeg_arrival_ratfight, layout_basic
D:2:      layout_rooms, shapermc_ecumenical_altar_totnotflames, serial_shops,
          shop_statue, minmay_fractal_squares_5, uniq_sigmund, uniq_robin
D:3:      layout_basic, pdpol_wu_jian_five_deadly_venoms, corexii_hall_statues_l
D:4:      layout_basic, serial_rivers, chequers_serial_rivers_small_b,
          chequers_serial_rivers_micro_c, chequers_serial_rivers_micro_b,
          chequers_serial_rivers_small_a, minmay_quantized
D:5:      layout_basic, nicolae_uskayaw_suspiria

Skill      XL: |  1  2  3  4  5  6  7 |
---------------+----------------------+-----
Dodging        | 2 3 |  3.0
Fighting       | 2 3 |  3.0
Unarmed Combat | 4 |  4.9
Transmutations | 3 4 |  4.3
Poison Magic   | 1 2 3 |  3.0
Spellcasting   | 3 |  3.2

Action                   |  1- 3 |  4- 6 |  7- 9 || total
-------------------------+-------+-------+-------++-------
Melee: Unarmed           |    83 |   184 |    48 ||   315
       Kick              |    12 |     7 |       ||    19
       Headbutt          |     5 |     4 |       ||     9
       Tailslap          |     5 |     9 |     2 ||    16
       Punch             |     1 |     2 |       ||     3
 Cast: Beastly Appendage |    15 |     9 |       ||    24
       Spider Form       |     2 |    17 |     8 ||    27
  Use: Scroll            |     2 |     5 |     3 ||    10
Armor: Skin              |    25 |    42 |     4 ||    71
Dodge: Dodged            |    67 |   163 |    41 ||   271

Table legend: (Time is in decaauts)
 A = Elapsed time spent in this place.
 B = Non-inter-level travel time spent in this place.
 C = Inter-level travel time spent in this place.
 D = Time resting spent in this place.
 E = Time spent auto-exploring this place.
 F = Levels seen in this place.
 G = Mean time per level.
                   A        B        C        D        E       F      G
               +--------+--------+--------+--------+--------+-----+--------+
         Total |   6381 |   6143 |    238 |    357 |   5041 |   5 | 1276.2 |
       Dungeon |   6381 |   6143 |    238 |    357 |   5041 |   5 | 1276.2 |
               +--------+--------+--------+--------+--------+-----+--------+

Top non-repeatable levels by time:
     D:1: 2079 daAuts
     D:3: 1770 daAuts
     D:4: 1427 daAuts
     D:2: 1004 daAuts
     D:5: 100 daAuts
